 Dungeon Crawl Stone Soup version 0.31-a0-43-g46d131a48f (webtiles) character file.

Game seed: 11361266669595286645

31 dracfodder the Digger (level 3, -4/19 HPs)
             Began as a Gargoyle Earth Elementalist on May 20, 2023.
             Slain by Sigmund
             ... wielding a +0 scythe
              (7 damage)
             ... on level 2 of the Dungeon.
             The game lasted 00:06:06 (1430 turns).

dracfodder the Digger (Gargoyle Earth Elementalist) Turns: 1430, Time: 00:06:06

Health: -4/19      AC:  5    Str: 11    XL:     3   Next: 22%
Magic:  2/6        EV: 11    Int: 17    God:
Gold:   78         SH:  0    Dex: 10    Spells: 0/6 levels left

rFire   . . .        d - +0 spear
rCold   . . .        (no shield)
rNeg    + . .        a - +0 robe
rPois   ∞            (no helmet)
rElec   +            (no cloak)
rCorr   .            (no gloves)
SInv    .            (no boots)
Will    .....        (no amulet)
Stlth   ++           (no ring)
HPRegen 0.23/turn    (no ring)
MPRegen 0.10/turn

%: no passive effects
@: no status effects
A: sickness immunity, AC +3, negative energy resistance 1, electricity
resistance, torment resistance 1, petrification resistance
a: no special abilities


You were on level 2 of the Dungeon.
You visited 1 branch of the dungeon, and saw 3 of its levels.

You collected 78 gold pieces.

Inventory:

Hand Weapons
 d - a +0 spear (weapon)
Missiles
 g - 2 boomerangs
Armour
 a - a +0 robe (worn)
Scrolls
 c - a scroll of amnesia {unknown}
 e - 2 scrolls of magic mapping {unknown}
 f - a scroll of enchant weapon {unknown}
 m - a scroll of noise {unknown}
 o - a scroll of identify {unknown}
Potions
 b - a potion of magic
 h - a potion of flight {unknown}
 i - a potion of degeneration {unknown}
 j - a potion of invisibility {unknown}
 k - a potion of curing {unknown}
 l - a potion of lignification {unknown}
 n - a potion of ambrosia {unknown}
 p - a potion of heal wounds {unknown}


   Skills:
 + Level 1.5 Dodging
 + Level 2.7 Stealth
 + Level 2.4 Spellcasting
 + Level 0.7 Transmutations
 + Level 4.4 Earth Magic


You couldn't memorise any spells.
You knew the following spells:

 Your Spells              Type           Power      Damage    Failure   Level
a - Sandblast             Erth           34%        2d9       3%          1
b - Stone Arrow           Conj/Erth      18%        3d8       22%         3
c - Passwall              Tmut/Erth      8%         N/A       10%         2

Your spell library contained the following spells:

 Spells                   Type           Power      Damage    Failure   Level
 Petrify                  Tmut/Erth      10%        N/A       54%         4


Dungeon Overview and Level Annotations

Branches:
Dungeon (3/15)

Altars:

Annotations:
D:2 Sigmund


Innate Abilities, Weirdness & Mutations

You are immune to sickness and miasma.
Your stone body is resilient. (AC +3)
You are immune to poison.
You resist negative energy. (rN+)
You are resistant to electric shocks. (rElec)
You are resistant to unholy torment.
You are immune to petrification.


Message History

You feel less confused. The rat completely misses you.
You hit the rat.
You kill the rat!
A giant cockroach comes into view.
You see here a rat corpse.
There is a stone staircase leading up here.
You start waiting.
Done waiting.
You climb upwards.
Level annotation: Sigmund
There is a stone staircase leading down here.
Aiming: Sandblast (safe; 3% risk of failure)
Press: ? - help, Q - select action, (/) - cycle Shift-Dir - straight line, f - Sigmund
Aim: Sigmund, wielding a +0 scythe, wearing a +0 robe and carrying a wand of digging (3) (80% to hit)
The blast of sand hits Sigmund.
Sigmund is moderately wounded.
Sigmund casts a spell at you. The magic dart hits you.
Aiming: Sandblast (safe; 3% risk of failure)
Press: ? - help, Q - select action, (/) - cycle Shift-Dir - straight line, f/p - Sigmund
Aim: Sigmund, wielding a +0 scythe, wearing a +0 robe and carrying a wand of digging (3) (moderately wounded, 80% to hit)
The blast of sand hits Sigmund!
Sigmund is heavily wounded.
Sigmund hits you from afar with a +0 scythe.
Aiming: Sandblast (safe; 3% risk of failure)
Press: ? - help, Q - select action, (/) - cycle Shift-Dir - straight line, f/p - Sigmund
Aim: Sigmund, wielding a +0 scythe, wearing a +0 robe and carrying a wand of digging (3) (heavily wounded, 80% to hit)
The blast of sand hits Sigmund!
Sigmund is almost dead.
Sigmund casts a spell at you. The puff of flame hits you!
* * * LOW HITPOINT WARNING * * *
Aiming: Sandblast (safe; 3% risk of failure)
Press: ? - help, Q - select action, (/) - cycle Shift-Dir - straight line, f/p - Sigmund
Aim: Sigmund, wielding a +0 scythe, wearing a +0 robe and carrying a wand of digging (3) (almost dead, 80% to hit)
The blast of sand hits Sigmund.
Sigmund is almost dead.
Sigmund hits you from afar with a +0 scythe!
You die...

.#†........######
.#.........'....#
.#.........#.#### #########
.#.........#.#########.......#
......######........##.......#
.###### ##########.##.......#
.# .........#.##.......# .#
##..................# ..
.......@†...........# ..
##.####.#@..........# ...
#.##.#........# ..#
#.##.........## ...
.........###.# #.#######.# .#
#.. #.#.# ... #..# ..#


You could see Sigmund.

Vanquished Creatures
  3 bats
  4 endoplasms
  A giant cockroach (D:1)
  2 goblins
  4 jackals (D:2)
  3 quokkas
  3 ball pythons
  4 frilled lizards
  3 kobolds
  2 rats
29 creatures vanquished.

Notes
Turn   | Place    | Note
-------+----------+-------------------------------------------
     0 | D:1      | dracfodder the Gargoyle Earth Elementalist began the quest
                  | for the Orb.
     0 | D:1      | Reached XP level 1. HP: 10/10 MP: 3/3
   236 | D:1      | Reached skill level 4 in Earth Magic
   278 | D:1      | Reached XP level 2. HP: 15/15 MP: 1/5
  1074 | D:2      | Reached XP level 3. HP: 17/19 MP: 1/6
  1174 | D:2      | Learned a level 3 spell: Stone Arrow
  1177 | D:2      | Learned a level 2 spell: Passwall
  1299 | D:2      | Noticed Sigmund
  1430 | D:2      | Slain by Sigmund

Illustrated notes

Levels and vault maps discovered:
D:1:      nzn_arrival_water_spiral, layout_basic
D:2:      layout_basic, nrook_mini_backslash, nicolae_figureground_sparkle,
          uniq_sigmund, uniq_crazy_yiuf_cottage
D:3:      layout_rooms, kennysheep_nub, grunt_ministairs_4, uniq_terence,
          uniq_grinder, uniq_jessica

Skill      XL: |  1 |
---------------+----+-----
Earth Magic    | 4 |  4.4
Dodging        | |  1.5
Stealth        | |  2.7
Spellcasting   | |  2.4
Transmutations | |  0.7

Action                     || total
---------------------------++-------
  Melee: Spear             ||     9
  Throw: Boomerang         ||     1
   Cast: Sandblast         ||    37
 Armour: Robe              ||     7
  Dodge: Dodged            ||    12

Table legend: (Time is in decaauts)
 A = Elapsed time spent in this place.
 B = Non-inter-level travel time spent in this place.
 C = Inter-level travel time spent in this place.
 D = Time resting spent in this place.
 E = Time spent auto-exploring this place.
 F = Levels seen in this place.
 G = Mean time per level.
                   A        B        C        D        E       F      G
               +--------+--------+--------+--------+--------+-----+--------+
         Total |   1453 |   1413 |     40 |    371 |    834 |   3 |  484.3 |
       Dungeon |   1453 |   1413 |     40 |    371 |    834 |   3 |  484.3 |
               +--------+--------+--------+--------+--------+-----+--------+

Top non-repeatable levels by time:
     D:1: 949 daAuts
     D:2: 392 daAuts
     D:3: 111 daAuts
